 Dungeon Crawl Stone Soup version 0.25.1-1-g288607f (webtiles) character file.

Game seed: 16934271021370728703

23 RonnieColeman the Conjurer (level 2, -1/18 HPs)
             Began as an Octopode Conjurer on Sept 10, 2020.
             Slain by a quokka (3 damage)
             ... on level 2 of the Dungeon.
             The game lasted 00:01:31 (993 turns).

RonnieColeman the Conjurer (Octopode Conjurer)       Turns: 993, Time: 00:01:32

Health: -1/18      AC:  1    Str:  7    XL:     2   Next: 95%
Magic:  5/5        EV: 13    Int: 17    God:
Gold:   40         SH:  0    Dex: 12    Spells: 5/6 levels left

rFire    . . .     SeeInvis .   c - +0 dagger (curse)
rCold    . . .     Gourm    .   (no shield)
rNeg     . . .     Faith    .   (helmet restricted)
rPois    .         Spirit   .   (no amulet)
rElec    .         Reflect  .   (no ring)
rCorr    .         Harm     .   (no ring)
MR       .....                  (no ring)
Stlth    +++.......             (no ring)
HPRegen  0.06/turn              (no ring)
MPRegen  0.09/turn              (no ring)
                                (no ring)
                                (no ring)

@: no status effects
A: almost no armour, stealthy swim, amphibious, 8 rings, constrict 8, camouflage
1, gelatinous body 1
a: no special abilities


You were on level 2 of the Dungeon.
You were not hungry.

You visited 1 branch of the dungeon, and saw 2 of its levels.

You collected 40 gold pieces.

Inventory:

Hand Weapons
 c - a cursed +0 dagger (weapon)
Scrolls
 a - a scroll of noise {unknown}
 e - a scroll of teleportation {unknown}
 f - 2 scrolls of remove curse {unknown}
 g - a scroll of identify {unknown}
 h - 3 scrolls of fog {unknown}
Comestibles
 b - 3 rations
 d - a chunk of flesh


   Skills:
 + Level 1.0 Fighting
 - Level 2.0 Dodging
 - Level 2.6 Stealth
 * Level 2.6 Spellcasting
 + Level 4.2 Conjurations


You had 5 spell levels left.
You knew the following spells:

 Your Spells              Type           Power        Failure   Level  Hunger
a - Magic Dart            Conj           ###.         3%          1    #......

Your spell library contained the following spells:

 Spells                   Type           Power        Failure   Level  Hunger
 Searing Ray              Conj           ###...       4%          2    ##.....
 Dazzling Flash           Conj/Hex       #.....       22%         3    ###....
 Fulminant Prism          Conj/Hex       #.........   58%         4    #####..
 Iskenderun's Mystic Bla  Conj/Tloc      #.......     58%         4    #####..


Dungeon Overview and Level Annotations

Branches:
Dungeon (2/15)

Altars:


Innate Abilities, Weirdness & Mutations

You cannot wear most types of armour.
You are very stealthy in the water. (Stealth+)
You are amphibious.
You can wear up to eight rings at the same time.
You can use your tentacles to constrict eight enemies at once.
Your skin changes colour to match your surroundings (Stealth+).
Your rubbery body absorbs attacks. (AC +1, EV +1)


Message History

A frilled lizard comes into view.
The goblin hits you with a +0 dagger.
You are too injured to fight recklessly!
You are too injured to fight recklessly!
The quokka bites you.
* * * LOW HITPOINT WARNING * * *
The quokka twitches its whiskers.
You hit the quokka. Your grab misses the quokka.
The quokka is moderately wounded.
The quokka barely misses you.
You barely miss the quokka. Your grab misses the quokka.
The quokka is moderately wounded.
The quokka barely misses you.
You barely miss the quokka. You grab the quokka.
The quokka is moderately wounded.
You constrict the quokka, but do no damage.
The quokka bites you.
* * * LOW HITPOINT WARNING * * *
You release your grip on the quokka.
The quokka bites you.
You die...

>.# #.# #% #.#### .. # #.#..
.. .## #.#.# #. #.. ##.#.#
#. ###.[ #.#..# # #.# .#.#
.###.####.#####.#####..#
#####...........@rg.s..# #
#.......#####.####>..# #
#<......# ##.## #...##..#
.##.......####...###........
#.#............).......##..#
#........####...#####.# .#
#........#####.### .# #
#................# ..
#.......######.#.# .#.


You could see a quokka, a giant cockroach and a goblin.

Vanquished Creatures
  A leopard gecko (D:1)
  2 bats (D:1)
  A giant cockroach (D:1)
  2 hobgoblins (D:2)
  A quokka (D:2)
  3 frilled lizards
  5 goblins (D:1)
  2 kobolds
  5 rats (D:1)
22 creatures vanquished.

Notes
Turn   | Place    | Note
-------+----------+-------------------------------------------
     0 | D:1      | RonnieColeman the Octopode Conjurer began the quest for the
                  | Orb.
     0 | D:1      | Reached XP level 1. HP: 11/11 MP: 3/3
   270 | D:1      | Reached XP level 2. HP: 18/18 MP: 3/5
   973 | D:2      | Reached skill level 1 in Fighting
   993 | D:2      | Slain by a quokka

Illustrated notes

Levels and vault maps discovered:
D:1:      zelgadis_glass_arrival_small, layout_basic, minmay_indecisive_spiral
D:2:      layout_loops_ring, nicolae_overflow_hidden_temple, first_ration

Skill      XL: |  1  2 |
---------------+-------+-----
Fighting       | 1 |  1.0
Dodging        | |  2.0
Stealth        | |  2.6
Spellcasting   | |  2.6
Conjurations   | |  4.2

Action                   || total
-------------------------++-------
Melee: Unarmed           ||    10
       Dagger            ||    35
       Constrict         ||    10
       Tentacles         ||     7
 Cast: Magic Dart        ||    10
 Stab: Sleeping          ||     4
Armor: Skin              ||     1
Dodge: Dodged            ||    32
